[Event "*** Titled Tuesday Blitz"]
[Site "Chess.com"]
[Date "2021.04.06"]
[Round "9"]
[White "Murad_Ibrahimli"]
[Black "LiverpooL174"]
[Result "0-1"]
[WhiteElo "2814"]
[BlackElo "2697"]
[TimeControl "180+1"]
[EndTime "11:44:24 PDT"]
[Termination "LiverpooL174 won by resignation"]

1. c4 Nf6 2. Nc3 d6 3. d4 Nbd7 4. g3 e5 5. Nf3 c6 6. e4 Be7 7. Bg2 O-O 8. O-O a6 9. d5 cxd5 10. exd5 b5 11. Nd2 b4 12. Na4 Qc7 13. b3 Nc5 14. Nxc5 Qxc5 15. a3 Bf5 16. axb4 Qxb4 17. Ba3 Qc3 18. Rc1 Qa5 19. Ra1 Qc7 20. Re1 Rfb8 21.
b4 a5 22. b5 Nd7 23. f4 f6 24. Qf3 Bg6 25. Bh3 Bf7 26. Be6 Nc5 27. f5 Nxe6 28.
dxe6 Be8 29. Qd5 Qb6+ 30. Kg2 Rc8 31. Ne4 Ra7 32. Red1 Rac7 33. Bxd6 Rxc4 34. Bxe7 Qe3 35. Re1 Rc2+ 36. Kh3 Qh6+ 0-1

[Event "*** Titled Tuesday Blitz"]
[Site "Chess.com"]
[Date "2021.04.06"]
[Round "9"]
[White "Ave_Mariia"]
[Black "gahryman"]
[Result "0-1"]
[WhiteElo "2464"]
[BlackElo "2719"]
[TimeControl "180+1"]
[EndTime "11:44:26 PDT"]
[Termination "gahryman won by resignation"]

1. d4 Nf6 2. c4 g6 3. Nc3 Bg7 4. e4 d6 5. Be2 O-O 6. Be3 e5 7.
d5 Na6 8. g4 Nc5 9. f3 c6 10.
h4 h5 11. g5 Nh7 12. Qd2 cxd5 13. cxd5 Bd7 14. Nh3 Rc8 15. Nf2 f6 16. Rg1 fxg5 17.
hxg5 a5 18. Rg2 a4 19. Nd3 Nxd3+ 20. Qxd3 a3 21. b3 Rf4 22. Rc1 Nxg5 23. Bxf4 exf4 24. Bf1 h4 25. Rgc2 h3 26. Ne2 Rxc2 27. Rxc2 h2 28. Bg2 Qb6 29. Rc1 Qg1+ 30. Nxg1 hxg1=Q+ 31. Qf1 Qe3+ 32. Kd1 Nxe4 33. fxe4 Bg4+ 34. Kc2 Qc3+ 0-1

[Event "*** Titled Tuesday Blitz"]
[Site "Chess.com"]
[Date "2021.04.06"]
[Round "9"]
[White "Keures"]
[Black "VladaSviridova"]
[Result "0-1"]
[WhiteElo "2343"]
[BlackElo "2241"]
[TimeControl "180+1"]
[EndTime "11:44:28 PDT"]
[Termination "VladaSviridova won by resignation"]

1. d4 d5 2. c4 c6 3. Nc3 Nf6 4.
Nf3 dxc4 5. a4 Bf5 6. e3 e6 7.
Bxc4 Bb4 8. Bd2 O-O 9. Qe2 Nbd7 10.
e4 Bxc3 11. exf5 Bxd2+ 12. Qxd2 exf5 13. O-O Nb6 14. Bd3 g6 15. h3 Kg7 16. Rae1 a5 17.
Re2 Nbd5 18. Rfe1 Qd6 19. Ne5 Qb4 20. Qg5 h6 21. Qg3 f4 22. Qh4 g5 0-1

[Event "*** Titled Tuesday Blitz"]
[Site "Chess.com"]
[Date "2021.04.06"]
[Round "9"]
[White "gmcorrales"]
[Black "Nozdrachev_Leonid"]
[Result "1-0"]
[WhiteElo "2778"]
[BlackElo "2571"]
[TimeControl "180+1"]
[EndTime "11:44:29 PDT"]
[Termination "gmcorrales won by checkmate"]

1. e4 c6 2. d4 d5 3. e5 Bf5 4.
h4 Qc8 5. Nc3 a6 6. a4 h6 7. a5 e6 8. Na4 Nd7 9. c3 Ne7 10. b4 Bh7 11. h5 f6 12. f4 Be4 13.
Rh3 f5 14. Be3 Qc7 15. Ne2 Nc8 16. Ng3 Be7 17. Nxe4 fxe4 18. g4 b6 19. axb6 Ncxb6 20. Nxb6 Qxb6 21. Ra5 Nb8 22. Qa4 O-O 23. Be2 Bd8 24.
Kd2 Qb7 25. g5 hxg5 26. fxg5 Bxa5 27. Qxa5 Nd7 28. g6 Qb6 29. Qa1 a5 30. b5 cxb5 31.
h6 b4 32. c4 b3 33. hxg7 Qb4+ 34. Qc3 Rfb8 35. Bg4 Ra6 36. Rh7 b2 37. Qxb4 Rxb4 38.
Bh6 b1=Q 39. Rh8# 1-0

[Event "*** Titled Tuesday Blitz"]
[Site "Chess.com"]
[Date "2021.04.06"]
[Round "9"]
[White "Chigorinetz"]
[Black "731291"]
[Result "0-1"]
[WhiteElo "2526"]
[BlackElo "2673"]
[TimeControl "180+1"]
[EndTime "11:44:29 PDT"]
[Termination "731291 won by resignation"]

1. e4 c5 2. Nc3 e6 3. Nge2 d5 4.
exd5 exd5 5. d4 Nc6 6. g3 Bg4 7. Bg2 Nxd4 8. O-O Nf6 9. Nxd4 Bxd1 10.
Re1+ Be7 11. Nf5 Bxc2 12. Nxe7 Qxe7 13. Bg5 Qxe1+ 14. Rxe1+ Kf8 15. Nxd5 Nxd5 16. Bxd5 Re8 17. Rc1 Be4 18. Bxe4 Rxe4 19. Rxc5 f6 20. Be3 Kf7 21. Kg2 b6 22. Rc3 Rd8 23. h4 Rd7 24. a3 Ree7 25. Rc8 Rc7 26. Ra8 Re8 27. Rxe8 Kxe8 28. Kf3 Rc2 29. Ke4 Rxb2 30. h5 Rb3 31.
h6 gxh6 0-1

[Event "*** Titled Tuesday Blitz"]
[Site "Chess.com"]
[Date "2021.04.06"]
[Round "9"]
[White "OlifantCZ"]
[Black "Blitzking642"]
[Result "0-1"]
[WhiteElo "2285"]
[BlackElo "2438"]
[TimeControl "180+1"]
[EndTime "11:44:29 PDT"]
[Termination "Blitzking642 won by checkmate"]

1. c4 c5 2. g3 g6 3. Bg2 Bg7 4. Nc3 Nc6 5. a3 a5 6. Nf3 d6 7.
O-O e5 8. Ne1 Be6 9. d3 Nge7 10. Nc2 d5 11. cxd5 Nxd5 12. Ne3 Nb6 13. Rb1 O-O 14. b4 axb4 15. axb4 cxb4 16. Ne4 Na4 17. Bd2 f5 18. Bxb4 fxe4 19. Bxf8 Bxf8 20. Rxb7 Nc3 21. Qc2 Nd4 22. Qd2 Ra2 23. Rb2 Ndxe2+ 24. Kh1 Qxd3 25. Rxa2 Bxa2 26. Qb2 Be6 27. h3 h5 28. Ra1 h4 29. Kh2 hxg3+ 30. fxg3 Qxe3 31. Ra8 Qxg3+ 32. Kh1 Qe1+ 33. Kh2 Qg1# 0-1

[Event "*** Titled Tuesday Blitz"]
[Site "Chess.com"]
[Date "2021.04.06"]
[Round "9"]
[White "TioCridineno"]
[Black "JiiHart"]
[Result "1-0"]
[WhiteElo "2269"]
[BlackElo "2033"]
[TimeControl "180+1"]
[EndTime "11:44:29 PDT"]
[Termination "TioCridineno won by resignation"]

1. e4 c5 2. Nf3 Nc6 3. Bb5 g6 4. Bxc6 dxc6 5. Nc3 Bg7 6. d3 Bg4 7. h3 Bxf3 8. Qxf3 e5 9. Be3 b6 10. Qg3 Qc7 11. f4 O-O-O 12. O-O Kb7 13. a4 a5 14. Kh1 h5 15. Rab1 h4 16. Qf3 Rd7 17.
Nd1 Ne7 18. Nf2 f5 19. c3 Rf8 20. fxe5 Bxe5 21. b4 cxb4 22. cxb4 axb4 23. Rxb4 c5 24. Rb5 Bd4 25. Rfb1 Nc8 26. a5 Rf6 27. Bxd4 cxd4 28. e5+ Rc6 29. Rxb6+ Nxb6 30. Rxb6+ Kc8 31. Rxc6 1-0

[Event "*** Titled Tuesday Blitz"]
[Site "Chess.com"]
[Date "2021.04.06"]
[Round "9"]
[White "ApoIogiA"]
[Black "MusicCityMaster"]
[Result "0-1"]
[WhiteElo "2174"]
[BlackElo "2385"]
[TimeControl "180+1"]
[EndTime "11:44:30 PDT"]
[Termination "MusicCityMaster won by resignation"]

1. d4 Nf6 2. c4 c5 3. d5 b5 4.
cxb5 a6 5. bxa6 g6 6. Nc3 Bxa6 7.
e4 Bxf1 8. Kxf1 d6 9. Nf3 Bg7 10. g3 O-O 11. Kg2 Qb6 12. Qe2 Qb7 13. a4 Na6 14.
Nb5 Ne8 15. Ra3 Nec7 16. Nxc7 Nxc7 17. b3 e6 18. Bf4 exd5 19. exd5 Rfe8 20. Qd3 Nxd5 21.
Bd2 Re6 22. Rd1 Rae8 23. Bg5 Nb4 24. Qc4 Bb2 25. Bh6 Bxa3 26. Qc3 f6 27. Kg1 0-1

[Event "*** Titled Tuesday Blitz"]
[Site "Chess.com"]
[Date "2021.04.06"]
[Round "9"]
[White "Chopper1905"]
[Black "Vesper2018"]
[Result "1-0"]
[WhiteElo "2917"]
[BlackElo "2543"]
[TimeControl "180+1"]
[EndTime "11:44:31 PDT"]
[Termination "Chopper1905 won by resignation"]

1. e4 c5 2. Nf3 d6 3. d4 cxd4 4. Nxd4 Nf6 5. Nc3 a6 6. h4 e5 7. Nb3 Be6 8. f4 exf4 9. Bxf4 Be7 10. Qd2 Nc6 11. O-O-O O-O 12. Kb1 Ne5 13. Nd4 Rc8 14.
Nxe6 fxe6 15. g3 Kh8 16. Bh3 Nc4 17. Qd3 Qb6 18. Bc1 d5 19. exd5 Ba3 20. Na4 Qb5 21.
Qb3 Nxd5 22. Bxe6 Nb4 23. Bxc8 Rxc8 24. bxa3 Nxa3+ 25. Bxa3 1-0

[Event "*** Titled Tuesday Blitz"]
[Site "Chess.com"]
[Date "2021.04.06"]
[Round "9"]
[White "AlexSuv"]
[Black "GMaka"]
[Result "1-0"]
[WhiteElo "2580"]
[BlackElo "2461"]
[TimeControl "180+1"]
[EndTime "11:44:31 PDT"]
[Termination "AlexSuv won by resignation"]

1. d4 Nf6 2. c4 Nc6 3. Nf3 e6 4. a3 g6 5. Nc3 Bg7 6. e4 O-O 7. h3 d6 8. Be3 e5 9. d5 Ne7 10. g4 Nd7 11. Bd3 Nc5 12. Bc2 f5 13. b4 Nxe4 14.
Nxe4 fxe4 15. Bxe4 c6 16. Ng5 cxd5 17. Bxd5+ Kh8 18.
Nf7+ Rxf7 19. Bxf7 Qf8 20. Bd5 Nc6 21. O-O Qe7 22.
b5 Nd4 23. Bxd4 exd4 24. Qf3 Bd7 25. Rae1 Qg5 26. Qf7 Bxg4 27. Re8+ 1-0

[Event "*** Titled Tuesday Blitz"]
[Site "Chess.com"]
[Date "2021.04.06"]
[Round "9"]
[White "Sanyura"]
[Black "I_Enchev"]
[Result "1-0"]
[WhiteElo "2604"]
[BlackElo "2499"]
[TimeControl "180+1"]
[EndTime "11:44:32 PDT"]
[Termination "Sanyura won by resignation"]

1. e4 c6 2. Nc3 d5 3. Nf3 dxe4 4.
Nxe4 Nf6 5. Qe2 Nxe4 6. Qxe4 Nd7 7. Bc4 Nf6 8. Ne5 e6 9. Qe2 Qc7 10. c3 Bd6 11. d4 b5 12. Bb3 Bb7 13. O-O a6 14. Bf4 O-O 15. Rfe1 Nd5 16. Bg3 Rae8 17. a4 f6 18. Nd3 Kh8 19. axb5 cxb5 20. Nc5 Bxg3 21.
hxg3 e5 22. Nxa6 Qc6 23. Qf3 Bxa6 24. Qxd5 Qb6 25. Qc5 Qxc5 26. dxc5 Bb7 27. Ra7 Rb8 28. Rd1 Bc6 29. Rd6 Be8 30. c6 Rb6 31. c7 Rxd6 32. c8=Q 1-0

[Event "*** Titled Tuesday Blitz"]
[Site "Chess.com"]
[Date "2021.04.06"]
[Round "9"]
[White "Slovak_fighter2000"]
[Black "NishaOnYoutube"]
[Result "1-0"]
[WhiteElo "2487"]
[BlackElo "2282"]
[TimeControl "180+1"]
[EndTime "11:44:36 PDT"]
[Termination "Slovak_fighter2000 won by checkmate"]

1. d4 f5 2. Bg5 g6 3. Nc3 d5 4.
e3 Bg7 5. h4 Nf6 6. h5 Nxh5 7.
Rxh5 gxh5 8. Qxh5+ Kf8 9. Nf3 Nc6 10. O-O-O Be6 11. Ne2 Bf7 12. Qh4 Qd7 13. Ng3 e6 14. Nh5 Bxh5 15. Qxh5 Qf7 16. Qh4 h6 17. Bf4 Re8 18.
Bb5 Qf6 19. Qh2 Rc8 20. Bxc6 bxc6 21. Ne5 Kg8 22. Nxc6 Qf7 23. Rg1 Qd7 24. Ne5 Bxe5 25. Bxe5 Rh7 26. g4 f4 27. g5 h5 28. g6 Re7 29. Qxh5 Rg7 30. Rh1 Kf8 31. Qh8+ Rg8 32. Qxg8+ Kxg8 33. Rh8# 1-0

[Event "*** Titled Tuesday Blitz"]
[Site "Chess.com"]
[Date "2021.04.06"]
[Round "9"]
[White "Redzishchess"]
[Black "esrosenberg"]
[Result "1-0"]
[WhiteElo "2335"]
[BlackElo "2210"]
[TimeControl "180+1"]
[EndTime "11:44:40 PDT"]
[Termination "Redzishchess won on time"]

1. f4 g6 2. Nf3 d5 3. e3 a6 4. Be2 c5 5. O-O Nc6 6. d4 Nh6 7. c3 cxd4 8. exd4 Bg7 9. Bd3 Bg4 10.
h3 Bf5 11. Be3 Qb6 12. Rf2 O-O 13. g4 Bxd3 14. Qxd3 Rad8 15. Na3 f6 16. Re1 Nf7 17. f5 Nd6 18. fxg6 Ne4 19. gxh7+ Kh8 20. Rg2 e6 21. Nh4 Kxh7 22. Bc1 f5 23. gxf5 exf5 24. Kh1 Qc7 25. Reg1 Rg8 26. Nxf5 Bf6 27. Qe3 Bg5 28. Rxg5 Rxg5 29.
Rxg5 Nxg5 30. Qxg5 Rd6 31. Bf4 Rg6 32. Qh5+ 1-0

[Event "*** Titled Tuesday Blitz"]
[Site "Chess.com"]
[Date "2021.04.06"]
[Round "9"]
[White "j2806"]
[Black "paulrusan"]
[Result "0-1"]
[WhiteElo "2145"]
[BlackElo "2273"]
[TimeControl "180+1"]
[EndTime "11:44:40 PDT"]
[Termination "paulrusan won by resignation"]

1. e4 c5 2. Nf3 Nc6 3. d4 cxd4 4. Nxd4 e5 5. Nb5 d6 6. N1c3 a6 7. Na3 b5 8. Nd5 Nf6 9. Bg5 Be7 10. Bxf6 Bxf6 11. c3 Rb8 12. Nc2 O-O 13. Nxf6+ Qxf6 14. Ne3 Be6 15. Nd5 Bxd5 16. Qxd5 Ne7 17. Qd2 Rfd8 18. c4 bxc4 19. Bxc4 d5 20. exd5 e4 21. Bb3 Nxd5 22.
O-O Nf4 23. Qe3 Rd4 24. Rad1 Rbd8 25. g3 Nd3 26. Rd2 h5 27. Rfd1 h4 28. Kg2 Qf5 29. Bc2 h3+ 30. Kg1 R8d6 31. Bxd3 exd3 32. Qe8+ Kh7 33. Qe3 Re4 34. Qa7 Qf3 0-1

[Event "*** Titled Tuesday Blitz"]
[Site "Chess.com"]
[Date "2021.04.06"]
[Round "9"]
[White "Larciano"]
[Black "chessprincesa1"]
[Result "0-1"]
[WhiteElo "1958"]
[BlackElo "2222"]
[TimeControl "180+1"]
[EndTime "11:44:40 PDT"]
[Termination "chessprincesa1 won on time"]

1. e4 e5 2. Nf3 Nc6 3. Bc4 Bc5 4. d3 Nf6 5. c3 d6 6. Nbd2 a6 7. Bb3 Ba7 8. O-O h6 9. h3 g5 10. Re1 Rg8 11. Nh2 h5 12. Bd5 Ne7 13. Qb3 Nfxd5 14.
exd5 g4 15. h4 Nf5 16. d4 Qxh4 17. Ne4 g3 18. fxg3 Nxg3 19. Bg5 Rxg5 20. Nxg5 Qxg5 21. Qc2 Bf5 22. Qf2 O-O-O 23. Rad1 h4 24. Re3 Rg8 25. Nf3 Qh5 26. Nh2 Qxd1+ 27. Re1 Qh5 28. a4 h3 29. Re3 Ne4 30. Rf3 Rxg2+ 0-1

[Event "*** Titled Tuesday Blitz"]
[Site "Chess.com"]
[Date "2021.04.06"]
[Round "9"]
[White "Koalaskakistis"]
[Black "Giorno"]
[Result "1-0"]
[WhiteElo "2591"]
[BlackElo "2462"]
[TimeControl "180+1"]
[EndTime "11:44:46 PDT"]
[Termination "Koalaskakistis won by resignation"]

1. Nf3 c6 2. g3 d5 3. Bg2 g6 4. O-O Bg7 5. d3 e5 6. Nbd2 Ne7 7. e4 O-O 8. Re1 Nd7 9. a4 a5 10. Nb3 Re8 11. Qe2 d4 12. Nbd2 Nb6 13. Nc4 Nxc4 14. dxc4 h6 15. b3 Be6 16. Rf1 Qd7 17. Ne1 f5 18.
Nd3 Qc7 19. Bd2 fxe4 20. Bxe4 Bf5 21. g4 Bxe4 22. Qxe4 Rf8 23. Rae1 Rae8 24. Nxe5 Nd5 25. cxd5 Rxe5 26. Qxg6 Rxd5 27. Bxh6 Rd6 28. Qxg7+ Qxg7 29. Bxg7 Kxg7 30. Re7+ Rf7 31. Rxf7+ Kxf7 32. Rd1 Ke6 33.
Kg2 Ke5 34. Kg3 c5 35. h4 Kd5 36. h5 c4 37. bxc4+ Kxc4 38. g5 Kc3 39. h6 Kxc2 40.
Rxd4 Rxd4 41. h7 Rd8 42. g6 Kb3 43. g7 1-0

[Event "*** Titled Tuesday Blitz"]
[Site "Chess.com"]
[Date "2021.04.06"]
[Round "9"]
[White "Handszar"]
[Black "beto-betun"]
[Result "1-0"]
[WhiteElo "2361"]
[BlackElo "2229"]
[TimeControl "180+1"]
[EndTime "11:44:46 PDT"]
[Termination "Handszar won by resignation"]

1. e4 c5 2. Nf3 d6 3. Bb5+ Bd7 4. Bd3 g6 5. c3 Bg7 6. Bc2 e5 7. d3 Nc6 8. d4 exd4 9. cxd4 Nxd4 10. Nxd4 Bxd4 11. Nc3 Nf6 12. Ne2 Bg4 13. f3 Be6 14.
Nxd4 cxd4 15. Ba4+ Kf8 16. Qxd4 Qa5+ 17. Bd2 Qe5 18.
Bc3 Kg7 19. Qxe5 dxe5 20. Bxe5 Rhd8 21. g4 h6 22. h4 g5 23. hxg5 hxg5 24. f4 Rd3 25.
fxg5 Re3+ 26. Kd2 Rxe4 27. Bxf6+ 1-0

[Event "*** Titled Tuesday Blitz"]
[Site "Chess.com"]
[Date "2021.04.06"]
[Round "9"]
[White "MartinHollan"]
[Black "KacperPolOK"]
[Result "1-0"]
[WhiteElo "2580"]
[BlackElo "2417"]
[TimeControl "180+1"]
[EndTime "11:44:48 PDT"]
[Termination "MartinHollan won by resignation"]

1. d4 Nf6 2. Nf3 e6 3. c4 Bb4+ 4. Bd2 Qe7 5. g3 Nc6 6. Bg2 Bxd2+ 7. Nbxd2 d6 8. Nf1 O-O 9. Ne3 e5 10. Nd5 Nxd5 11. cxd5 Nxd4 12. Nxd4 exd4 13. Qxd4 Bd7 14. Rc1 Bb5 15. e3 c5 16. dxc6 bxc6 17. a4 Ba6 18. b4 Rac8 19. Bxc6 d5 20. b5 Bb7 21. O-O Bxc6 22. Rxc6 Rxc6 23. bxc6 Qd6 24. Rc1 h5 25. Qxa7 Rc8 26. Qd7 Qb8 27. Qxd5 Qb2 28. Rd1 Qc2 29. Qxh5 Qxc6 30. a5 Ra8 31. Qd5 Qc8 32. Kg2 g6 33. Rd4 Kg7 34. Rf4 Ra7 35. Qd4+ Kg8 36. Qxa7 1-0

[Event "*** Titled Tuesday Blitz"]
[Site "Chess.com"]
[Date "2021.04.06"]
[Round "9"]
[White "KubaGepard"]
[Black "kleopl"]
[Result "0-1"]
[WhiteElo "2386"]
[BlackElo "2550"]
[TimeControl "180+1"]
[EndTime "11:44:49 PDT"]
[Termination "kleopl won by checkmate"]

1. d4 d6 2. Nf3 f5 3. g3 Nf6 4. Bg2 g6 5. O-O Bg7 6. b3 Ne4 7. Bb2 Nd7 8. Nbd2 Ndf6 9. Ne1 O-O 10.
f3 Nxd2 11. Qxd2 c6 12. Nd3 Qc7 13. Rae1 Nd7 14. e4 fxe4 15. fxe4 e5 16. dxe5 dxe5 17.
Rxf8+ Nxf8 18. Qc3 Be6 19. Rf1 Rd8 20. Nc5 Bc8 21.
Qc4+ Kh8 22. Rf7 Qb6 23. Rxg7 Kxg7 24. Bxe5+ Kh6 25. Qc3 Ne6 26. b4 Nxc5 27. bxc5 Qb1+ 28.
Kf2 Rf8+ 29. Bf3 Rxf3+ 30. Kxf3 Qf1+ 31. Ke3 Qg1+ 32. Kd3 Qd1+ 33. Kc4 Be6+ 34. Kb4 Qb1+ 35. Ka3 Qxa2+ 36. Kb4 a5# 0-1

[Event "*** Titled Tuesday Blitz"]
[Site "Chess.com"]
[Date "2021.04.06"]
[Round "9"]
[White "DarZay"]
[Black "Volodar_Murzin"]
[Result "0-1"]
[WhiteElo "2228"]
[BlackElo "2729"]
[TimeControl "180+1"]
[EndTime "11:44:53 PDT"]
[Termination "Volodar_Murzin won by checkmate"]

1. e4 c5 2. Nf3 d6 3. d4 cxd4 4. Nxd4 Nf6 5. Nc3 a6 6. Be3 e5 7.
Nb3 Be6 8. f3 Nbd7 9. Qd2 b5 10.
O-O-O Rc8 11. Nd5 Bxd5 12. exd5 Nb6 13. Bxb6 Qxb6 14. Kb1 h5 15. Qa5 Qb7 16. Bd3 g6 17. Rhe1 Bh6 18. g3 Kf8 19. h3 h4 20. g4 Bf4 21.
Nd2 Kg7 22. Ne4 Nxe4 23. Bxe4 Rc4 24. b3 Rc5 25. Rd3 Rhc8 26. Re2 b4 27. Qa4 Kf8 28. a3 a5 29. c3 bxc3 30. Kc2 Rc4 31. Qxa5 Ra8 32. Qxa8+ Qxa8 33. bxc4 Qa4+ 34. Kb1 Qb3+ 35.
Ka1 Qxa3+ 36. Kb1 Qb3+ 37. Ka1 Bc1 38. Ra2 Bb2+ 39. Kb1 c2# 0-1

[Event "*** Titled Tuesday Blitz"]
[Site "Chess.com"]
[Date "2021.04.06"]
[Round "9"]
[White "GelmanAlexander"]
[Black "IMAghasiyevKamal"]
[Result "0-1"]
[WhiteElo "2644"]
[BlackElo "2539"]
[TimeControl "180+1"]
[EndTime "11:45:00 PDT"]
[Termination "IMAghasiyevKamal won on time"]

1. d4 d5 2. Nc3 Nf6 3. Bf4 a6 4. e3 e6 5. g4 h6 6. Bg2 c5 7. h4 g6 8. g5 hxg5 9. Bxg5 Nc6 10. Qf3 Be7 11. O-O-O Nh5 12. Nh3 b6 13. dxc5 bxc5 14.
Nxd5 exd5 15. Rxd5 Qb6 16. Bxe7 Nxe7 17. Rxh5 Rxh5 18. Qxa8 Rxh4 19. Rd1 Kf8 20. Nf4 Kg7 21. Qe4 Qf6 22. Rd8 g5 23. Re8 gxf4 24. Rxe7 f3 0-1

[Event "*** Titled Tuesday Blitz"]
[Site "Chess.com"]
[Date "2021.04.06"]
[Round "9"]
[White "KaterynaLagno"]
[Black "Oleksandr_Bortnyk"]
[Result "0-1"]
[WhiteElo "2680"]
[BlackElo "2942"]
[TimeControl "180+1"]
[EndTime "11:45:02 PDT"]
[Termination "Oleksandr_Bortnyk won by resignation"]

1. e4 Nf6 2. e5 Nd5 3. d4 d6 4. Nf3 dxe5 5. Nxe5 c6 6. Bd3 Nd7 7. Nf3 N7f6 8. O-O Nb4 9. Bc4 Bf5 10. Bb3 e6 11. c3 Nbd5 12. Nbd2 Be7 13. Nc4 O-O 14.
Nce5 a5 15. Re1 c5 16. dxc5 Bxc5 17. Nd4 Bg6 18. Qf3 a4 19. Bc4 Bxd4 20. cxd4 Qb6 21.
Be3 Nxe3 22. fxe3 Qxb2 23. Nxg6 hxg6 24. Rab1 Qc3 25. Rec1 Qd2 26. Rd1 Qa5 27. Rxb7 Rac8 28. Bb5 Rb8 29. Bc6 Rxb7 30. Bxb7 Rb8 31. Rb1 Qd2 32.
Qf2 Qd3 33. Rb4 Nd5 34. Rxa4 Qb1+ 35. Qf1 0-1

[Event "*** Titled Tuesday Blitz"]
[Site "Chess.com"]
[Date "2021.04.06"]
[Round "9"]
[White "mary-sanna"]
[Black "joejan"]
[Result "1/2-1/2"]
[WhiteElo "2122"]
[BlackElo "2275"]
[TimeControl "180+1"]
[EndTime "11:45:02 PDT"]
[Termination "Game drawn - insufficient material"]

1. d4 Nf6 2. Bf4 e6 3. e3 b6 4. Nf3 Bb7 5. c4 Be7 6. Bd3 O-O 7. O-O d5 8. Nbd2 Nbd7 9. h3 Rc8 10. Rc1 c5 11.
Bb1 cxd4 12. exd4 dxc4 13. Nxc4 Nd5 14. Bg3 N7f6 15. Nfe5 g6 16. a3 b5 17. Ne3 Nxe3 18. fxe3 Rxc1 19. Qxc1 Qd5 20. Qd2 Ne4 21. Bxe4 Qxe4 22.
Nf3 Rc8 23. Rc1 Rxc1+ 24. Qxc1 Bg5 25. Bf2 Bd8 26. Qf1 g5 27. Qxb5 Kg7 28. Qe5+ Qxe5 29. Nxe5 f6 30. Nd7 Be7 31. Nc5 Bxc5 32. dxc5 Bc6 33. b4 f5 34. g3 Kf6 35. Kf1 Ke5 36. Ke2 Ke4 37. Be1 Bb5+ 38. Kd2 Kf3 39. h4 h6 40.
hxg5 hxg5 41. Kc3 Kxe3 42. Bd2+ Kf3 43. Bxg5 Kxg3 44. Kd4 f4 45. Ke5 f3 46. Be3 f2 47.
Bxf2+ Kxf2 48. Kxe6 Ke3 49. Kd6 Kd4 50. c6 Kc4 51. c7 Ba6 52. Kd7 Kb3 53. c8=Q Bxc8+ 54. Kxc8 Kxa3 55. Kb7 Kxb4 56. Kxa7 1/2-1/2

[Event "*** Titled Tuesday Blitz"]
[Site "Chess.com"]
[Date "2021.04.06"]
[Round "9"]
[White "andrewtnb"]
[Black "Andrakhanova"]
[Result "0-1"]
[WhiteElo "2352"]
[BlackElo "2262"]
[TimeControl "180+1"]
[EndTime "11:45:03 PDT"]
[Termination "Andrakhanova won by resignation"]

1. d4 d5 2. c4 e6 3. Nc3 c6 4.
Nf3 dxc4 5. g3 Nf6 6. Bg2 b5 7. O-O Bb7 8. Bg5 Be7 9. Bxf6 Bxf6 10. Ne4 Be7 11. b3 cxb3 12. Qxb3 Nd7 13. Rfc1 O-O 14. a4 a6 15. e3 h6 16. h4 Qb6 17. Nfd2 a5 18. Rab1 b4 19. Rc2 Rac8 20. Rbc1 e5 21. Bh3 Rfd8 22. Nc4 Qc7 23. dxe5 Nxe5 24. Nxe5 Qxe5 25.
Bxc8 Rxc8 26. Nc5 Ba8 27. Nd7 Qc7 28. Nc5 Rd8 29. Qc4 Rd5 30. e4 Rxc5 31. Qxc5 Bxc5 32. Rxc5 Qd7 33. Rxa5 Bb7 34. Rb1 Qd4 35. Ra7 Qxa7 0-1

[Event "*** Titled Tuesday Blitz"]
[Site "Chess.com"]
[Date "2021.04.06"]
[Round "9"]
[White "kikydu96"]
[Black "VitaRasik"]
[Result "0-1"]
[WhiteElo "2454"]
[BlackElo "2614"]
[TimeControl "180+1"]
[EndTime "11:45:05 PDT"]
[Termination "VitaRasik won on time"]

1. e4 d6 2. d4 g6 3. Nc3 Bg7 4.
Be3 Nf6 5. f3 c6 6. Qd2 b5 7.
O-O-O Qa5 8. Kb1 Nbd7 9. h4 h5 10. Nh3 b4 11. Ne2 Nb6 12. Nc1 Bxh3 13. Rxh3 Na4 14.
Nb3 Qb6 15. d5 c5 16. e5 dxe5 17. Qd3 a6 18. Qc4 Nd7 19. d6 e6 20. a3 O-O 21.
Nxc5 e4 22. Nxd7 Qxe3 23. Nxf8 Nxb2 24. Rc1 Nxc4 25. Bxc4 Rxf8 26. Rd1 bxa3 27. fxe4 Qxe4 28. Bb3 Qe5 29. c3 Rb8 30. Ka2 Qe2+ 0-1

[Event "*** Titled Tuesday Blitz"]
[Site "Chess.com"]
[Date "2021.04.06"]
[Round "9"]
[White "jacky72"]
[Black "Balla_Tamas"]
[Result "1-0"]
[WhiteElo "2715"]
[BlackElo "2556"]
[TimeControl "180+1"]
[EndTime "11:45:08 PDT"]
[Termination "jacky72 won by resignation"]

1. c4 c5 2. Nf3 Nc6 3. b3 b6 4.
Bb2 Bb7 5. g3 e6 6. Bg2 d5 7.
cxd5 Qxd5 8. O-O Qd7 9. Nc3 Nf6 10. d3 Be7 11. Qd2 O-O 12. Rfd1 Rfd8 13. Rac1 Rac8 14. h3 Nd4 15. Nxd4 Bxg2 16. Nxe6 Bxh3 17. Nxd8 Rxd8 18. Qf4 Qb7 19. Ne4 Nd5 20. Qe5 f6 21.
Qh5 Be6 22. Nc3 Nb4 23. Ba3 Nc6 24. Ne4 Nd4 25. Bb2 Bf7 26. Qh1 Bd5 27. Bxd4 cxd4 28. Qh5 g6 29. Qh6 Bxe4 30. dxe4 Qxe4 31. Kf1 Bf8 32.
Qh4 Qe5 33. Rd3 Bc5 34. Rcd1 Re8 35. Qg4 f5 36. Qf3 Kg7 37. b4 Bxb4 38. Rxd4 Bc5 39. Rd7+ Re7 40. Rxe7+ Qxe7 41. Qc6 Qe5 42. Rd7+ Kh6 43.
Qh1+ 1-0

[Event "*** Titled Tuesday Blitz"]
[Site "Chess.com"]
[Date "2021.04.06"]
[Round "9"]
[White "mr65"]
[Black "Flopezin"]
[Result "0-1"]
[WhiteElo "2159"]
[BlackElo "2343"]
[TimeControl "180+1"]
[EndTime "11:45:08 PDT"]
[Termination "Flopezin won by checkmate"]

1. e4 e5 2. Nf3 Nc6 3. Bb5 a6 4. Ba4 Nf6 5. O-O Bc5 6. c3 b5 7.
Bb3 d6 8. d4 Bb6 9. h3 Bb7 10. Re1 O-O 11. Bg5 h6 12. Bh4 g5 13.
Bg3 Re8 14. d5 Ne7 15. Nbd2 Ng6 16. a4 c6 17. axb5 axb5 18. c4 b4 19. Rxa8 Qxa8 20. Ba4 Rc8 21. dxc6 Bxc6 22. Bxc6 Qxc6 23. b3 Nd7 24. Qc2 Nc5 25. Ra1 Ra8 26. Rxa8+ Qxa8 27. h4 f6 28. hxg5 hxg5 29. Nh2 Kg7 30. Nhf1 Ne6 31. Ne3 Nd4 32. Nf5+ Nxf5 33. exf5 Ne7 34. Kh2 Qh8+ 35. Kg1 Qh7 36. Kf1 Qxf5 37. Qe4 Kf7 38. Qb7 Qd3+ 39. Ke1 Bd4 40. f3 Bc3 41. Kf2 Qxd2+ 42. Kg1 Bd4+ 43. Kh2 g4 44. fxg4 Qh6+ 45. Bh4 Qxh4# 0-1

[Event "*** Titled Tuesday Blitz"]
[Site "Chess.com"]
[Date "2021.04.06"]
[Round "9"]
[White "biostatistician"]
[Black "googlegoom"]
[Result "1-0"]
[WhiteElo "2612"]
[BlackElo "2440"]
[TimeControl "180+1"]
[EndTime "11:45:09 PDT"]
[Termination "biostatistician won by resignation"]

1. d4 d5 2. Nf3 Nf6 3. c4 c6 4. cxd5 cxd5 5. Nc3 Nc6 6. Bf4 e6 7. e3 Be7 8. Bd3 Bd7 9. O-O Nh5 10. Be5 f6 11. Bg3 Nxg3 12. hxg3 O-O 13. e4 dxe4 14. Bxe4 Rc8 15. Re1 Kh8 16. Nh4 f5 17. Bc2 Bxh4 18. gxh4 Qxh4 19. d5 exd5 20. Bb3 d4 21. Nd5 f4 22.
Re4 Rce8 23. Qe2 Rxe4 24. Qxe4 Bf5 25. Qxf4 Qxf4 26. Nxf4 d3 27. f3 Nd4 28. Kf2 Nxb3 29.
axb3 g5 30. Nd5 a6 31. Rd1 Re8 32. Ne3 Bg6 33. Rc1 Re7 34. Rc5 h6 35. Rd5 Kg7 36. Rd6 Rc7 37. g4 Rc2+ 38. Nxc2 dxc2 39. Rd7+ Kf6 40.
Rc7 Ke5 41. Ke3 Kd5 42. Kd2 b5 43. Ra7 Ke5 44. Rxa6 Be8 45. Rxh6 Kf4 46. Rf6+ Kg3 47. Kxc2 1-0

[Event "*** Titled Tuesday Blitz"]
[Site "Chess.com"]
[Date "2021.04.06"]
[Round "9"]
[White "scandalgod"]
[Black "RobertoJBM"]
[Result "1-0"]
[WhiteElo "2585"]
[BlackElo "2694"]
[TimeControl "180+1"]
[EndTime "11:45:10 PDT"]
[Termination "scandalgod won by resignation"]

1. d4 d5 2. c4 c6 3. cxd5 cxd5 4.
Bg5 Qb6 5. Qd2 Nc6 6. Nc3 e6 7.
e3 Be7 8. Bxe7 Kxe7 9. Nf3 Nf6 10.
Bd3 Bd7 11. O-O Rhc8 12. a3 Na5 13. Qe2 Rc7 14. Ne5 Rac8 15. f4 Nc4 16. Bxc4 dxc4 17. g4 Nd5 18. f5 f6 19. Nxd7 Rxd7 20. Rae1 Nxc3 21. bxc3 Qd6 22. fxe6 Qxe6 23. e4 Kd8 24. e5 fxe5 25. Rf5 Kc7 26. Rxe5 Qd6 27. Re6 Qd5 28.
Qe3 Kb8 29. Qf4+ Ka8 30. R1e5 1-0